TOP OF THE 1ST |
Idaho Falls Chukars batting - Pitching for Hudson Valley Renegades : RHP Chris Harman
|
Pitching: RHP Chris Harman
|
|
Batting: RHB Jonas Fernandez
|
0-0: Called Strike 0-1: Foul Ball, location: 2F 0-2: Foul Ball, location: 2F 0-2: Ball 1-2: Fly out, F5 (Line Drive, 5, EV 69.4 MPH)
|
Batting: RHB Mike Bearden
|
0-0: Ball 1-0: Ball 2-0: Foul Ball, location: 2F 2-1: Swinging Strike 2-2: Fly out, F8 (Line Drive, 89M, EV 88.1 MPH)
|
Batting: RHB Carlos Almada
|
0-0: Ball 1-0: Called Strike 1-1: Swinging Strike 1-2: Ball 2-2: Ball 3-2: Base on Balls
|
Batting: RHB Chance Argy
|
0-0: Foul Ball, location: 2F 0-1: Ground out 4-3 (Groundball, 34, EV 103.1 MPH)
|
Top of the 1st over - 0 runs, 0 hits, 0 errors, 1 left on base; Idaho Falls 0 - Hudson Valley 0 |
BOTTOM OF THE 1ST |
Hudson Valley Renegades batting - Pitching for Idaho Falls Chukars : RHP Francisco Reyes
|
Pitching: RHP Francisco Reyes
|
|
Batting: LHB Dan Hunt
|
0-0: Ball 1-0: SINGLE (Groundball, 4M, EV 96.9 MPH) (infield hit)
|
Pinch Runner at 1st Alex Genao:
|
|
Batting: SHB Josif Popovski
|
0-0: Called Strike 0-1: Ball 1-1: Ball Wild Pitch! Alex Genao to second 2-1: Swinging Strike 2-2: Strikes out swinging
|
Batting: RHB Jon Gonzales
|
0-0: Ball 1-0: Called Strike 1-1: Ball 2-1: Foul Ball, location: 2F 2-2: Fly out, F8 (Flyball, 78D, EV 85.0 MPH) Runner from 2nd tags up, SAFE at 3rd with throw by CF
|
Batting: LHB Jonathan Spino
|
0-0: Ball 1-0: Called Strike 1-1: Ground out 1-3 (Groundball, P, EV 66.2 MPH)
|
Bottom of the 1st over - 0 runs, 1 hit, 0 errors, 1 left on base; Idaho Falls 0 - Hudson Valley 0 |
TOP OF THE 2ND |
Idaho Falls Chukars batting - Pitching for Hudson Valley Renegades : RHP Chris Harman
|
Now in CF: Alex Genao
|
|
Batting: RHB Ian Hornsby
|
0-0: Ball 1-0: Called Strike 1-1: Swinging Strike 1-2: Foul Ball, location: 2F 1-2: Ball 2-2: Ball 3-2: Foul Ball, location: 2F 3-2: SINGLE (Groundball, 56D, EV 100.6 MPH)
|
Batting: RHB Bobby Matyas
|
0-0: Ball 1-0: Ball 2-0: Called Strike 2-1: Called Strike Ian Hornsby steals 2nd base 2-2: Ball 3-2: DOUBLE (Line Drive, 9LM, EV 106.2 MPH) Ian Hornsby scores
|
Batting: RHB Jimmy Mayville
|
0-0: Foul Ball, location: 2F 0-1: Ball 1-1: Ball 2-1: Ball 3-1: Called Strike 3-2: Base on Balls
|
Batting: LHB David Bearden
|
0-0: Ball 1-0: Swinging Strike 1-1: Fly out, F9 (Line Drive, 9, EV 98.1 MPH)
|
Batting: SHB Benoît Morin
|
0-0: Swinging Strike 0-1: Foul Ball, location: 2F 0-2: Ball Wild Pitch! Bobby Matyas to third Jimmy Mayville to second 1-2: Strikes out swinging
|
Batting: RHB Jonas Fernandez
|
0-0: Called Strike 0-1: Ball 1-1: DOUBLE (Flyball, 8LD, EV 101.2 MPH) Bobby Matyas scores Jimmy Mayville scores
|
Batting: RHB Mike Bearden
|
0-0: Foul Ball, location: 2F 0-1: Ground out 6-3 (Groundball, 6M, EV 108.8 MPH)
|
Top of the 2nd over - 3 runs, 3 hits, 0 errors, 1 left on base; Idaho Falls 3 - Hudson Valley 0 |
BOTTOM OF THE 2ND |
Hudson Valley Renegades batting - Pitching for Idaho Falls Chukars : RHP Francisco Reyes
|
Batting: RHB Alex Koral
|
0-0: Foul Ball, location: 2F 0-1: SINGLE (Line Drive, 9S, EV 98.8 MPH)
|
Batting: LHB Helmut Steggall
|
0-0: Ball 1-0: Ball Alex Koral is caught stealing 2nd base 2-6 2-0: Ball 3-0: Base on Balls
|
Batting: LHB Jimmy Detrie
|
0-0: Ball 1-0: Swinging Strike 1-1: Foul Ball, location: 2F 1-2: Strikes out swinging
|
Batting: RHB Evan Chalarian
|
0-0: Ball 1-0: Ball 2-0: Ball 3-0: Called Strike 3-1: Fly out, F7 (Flyball, 78M, EV 76.9 MPH)
|
Bottom of the 2nd over - 0 runs, 1 hit, 0 errors, 1 left on base; Idaho Falls 3 - Hudson Valley 0 |
TOP OF THE 3RD |
Idaho Falls Chukars batting - Pitching for Hudson Valley Renegades : RHP Chris Harman
|
Batting: RHB Carlos Almada
|
0-0: Ground out 6-3 (Groundball, 6, EV 111.2 MPH)
|
Batting: RHB Chance Argy
|
0-0: Ball 1-0: Foul Ball, location: 2F 1-1: Ball 2-1: SINGLE (Line Drive, 4D, EV 102.5 MPH)
|
Batting: RHB Ian Hornsby
|
0-0: Foul Ball, location: 2F 0-1: Ball 1-1: Foul Ball, location: 2F 1-2: Ball 2-2: Ball 3-2: Fielders Choice at 2nd, 5-4 (Groundball, 5, EV 83.8 MPH)
|
Batting: RHB Bobby Matyas
|
0-0: Ball Ian Hornsby steals 2nd base 1-0: Called Strike 1-1: Ball 2-1: SINGLE (Groundball, 4MD, EV 102.5 MPH) Ian Hornsby to third Runner from 3rd tries for Home, SAFE, throw by CF to home Bobby Matyas to second
|
Batting: RHB Jimmy Mayville
|
0-0: Foul Ball, location: 2F 0-1: Ball 1-1: Foul Ball, location: 2F 1-2: SINGLE (Line Drive, 78S, EV 86.9 MPH) Bobby Matyas to third
|
Batting: LHB David Bearden
|
0-0: SINGLE (Line Drive, 3D, EV 97.5 MPH) Bobby Matyas scores Jimmy Mayville to second
|
Pitching: RHP Jesus Elizondo
|
|
Batting: SHB Benoît Morin
|
0-0: Called Strike 0-1: DOUBLE (Groundball, 5L, EV 106.2 MPH) Jimmy Mayville scores David Bearden to third
|
Pitching: LHP Toshiaki Wada
|
|
Batting: RHB Jonas Fernandez
|
0-0: Ball 1-0: Ground out 5-3 (Groundball, 5, EV 88.1 MPH)
|
Top of the 3rd over - 3 runs, 5 hits, 0 errors, 2 left on base; Idaho Falls 6 - Hudson Valley 0 |
BOTTOM OF THE 3RD |
Hudson Valley Renegades batting - Pitching for Idaho Falls Chukars : RHP Francisco Reyes
|
Batting: RHB Jesus Carrillo
|
0-0: Ball 1-0: Called Strike 1-1: Ball 2-1: Ball 3-1: Ground out 4-3 (Groundball, 4S, EV 68.8 MPH)
|
Batting: LHB Alex Genao
|
0-0: Ground out U3 (Groundball, 3L, EV 101.9 MPH)
|
Batting: SHB Josif Popovski
|
0-0: Ball 1-0: SINGLE (Groundball, 4M, EV 106.9 MPH) (infield hit)
|
Batting: RHB Jon Gonzales
|
0-0: Ball Josif Popovski steals 2nd base 1-0: Ball 2-0: Called Strike 2-1: Swinging Strike Passed Ball! Josif Popovski to third 2-2: Ball 3-2: Ground out 6-3 (Groundball, 6, EV 110.6 MPH)
|
Bottom of the 3rd over - 0 runs, 1 hit, 0 errors, 1 left on base; Idaho Falls 6 - Hudson Valley 0 |
TOP OF THE 4TH |
Idaho Falls Chukars batting - Pitching for Hudson Valley Renegades : LHP Toshiaki Wada
|
Batting: RHB Mike Bearden
|
0-0: Fly out, F9 (Flyball, 9, EV 93.1 MPH)
|
Batting: RHB Carlos Almada
|
0-0: Ball 1-0: Called Strike 1-1: Ball 2-1: Foul Ball, location: 2F 2-2: Ball 3-2: Strikes out swinging
|
Batting: RHB Chance Argy
|
0-0: Called Strike 0-1: Ball 1-1: DOUBLE (Groundball, 3L, EV 107.5 MPH)
|
Batting: RHB Ian Hornsby
|
0-0: Fly out, F9 (Flyball, 89M, EV 90.0 MPH)
|
Top of the 4th over - 0 runs, 1 hit, 0 errors, 1 left on base; Idaho Falls 6 - Hudson Valley 0 |
BOTTOM OF THE 4TH |
Hudson Valley Renegades batting - Pitching for Idaho Falls Chukars : RHP Francisco Reyes
|
Batting: LHB Jonathan Spino
|
0-0: Ground out 6-3 (Groundball, 6, EV 79.4 MPH)
|
Batting: RHB Alex Koral
|
0-0: Ball 1-0: Ball 2-0: Foul Ball, location: 2F 2-1: Ball 3-1: Base on Balls
|
Batting: LHB Helmut Steggall
|
0-0: Ball Alex Koral steals 2nd base 1-0: Ball 2-0: Foul Ball, location: 2F 2-1: Swinging Strike 2-2: Strikes out swinging
|
Pitching: RHP Bryan Kiefer
|
|
Batting: LHB Jimmy Detrie
|
0-0: Ball 1-0: Called Strike 1-1: Ground out 2-3 (Groundball, 2L, EV 67.5 MPH)
|
Bottom of the 4th over - 0 runs, 0 hits, 0 errors, 1 left on base; Idaho Falls 6 - Hudson Valley 0 |
TOP OF THE 5TH |
Idaho Falls Chukars batting - Pitching for Hudson Valley Renegades : LHP Toshiaki Wada
|
Batting: RHB Bobby Matyas
|
0-0: Ball 1-0: Foul Ball, location: 2F 1-1: Foul Ball, location: 2F 1-2: Ground out 5-3 (Groundball, 5, EV 88.1 MPH)
|
Batting: RHB Jimmy Mayville
|
0-0: Reached on error, E4 (Groundball, 34, EV 82.5 MPH)
|
Batting: LHB David Bearden
|
0-0: Ball 1-0: Foul Ball, location: 2F 1-1: Ball 2-1: Foul Ball, location: 2F 2-2: Ball 3-2: Base on Balls
|
Batting: SHB Benoît Morin
|
0-0: Called Strike 0-1: Hit by Pitch Jimmy Mayville to third David Bearden to second
|
Pinch Runner at 1st Dave Saldana:
|
|
Batting: RHB Jonas Fernandez
|
0-0: Fly out, F8 (Flyball, 8RXD, EV 88.1 MPH) Runner from 3rd tags up, SCORES, no throw by CF
|
Batting: RHB Mike Bearden
|
0-0: Called Strike 0-1: Ball 1-1: Fly out, F6 (Line Drive, 6, EV 75.0 MPH)
|
Top of the 5th over - 1 run, 0 hits, 1 error, 2 left on base; Idaho Falls 7 - Hudson Valley 0 |
BOTTOM OF THE 5TH |
Hudson Valley Renegades batting - Pitching for Idaho Falls Chukars : RHP Bryan Kiefer
|
Now in CF: Dave Saldana
|
|
Batting: RHB Evan Chalarian
|
0-0: Ball 1-0: Ball 2-0: Called Strike 2-1: Foul Ball, location: 2F 2-2: Ball 3-2: Fly out, F2 (Popup, 2R, EV 90.6 MPH)
|
Batting: RHB Jesus Carrillo
|
0-0: Called Strike 0-1: Called Strike 0-2: Ball 1-2: Foul Ball, location: 2F 1-2: SINGLE (Groundball, 56D, EV 95.0 MPH)
|
Batting: LHB Alex Genao
|
0-0: Ball 1-0: Swinging Strike 1-1: Ball 2-1: Swinging Strike 2-2: Ball 3-2: Fielders Choice at 2nd, 3-6 (Groundball, 34, EV 93.8 MPH)
|
Batting: SHB Josif Popovski
|
0-0: Ball 1-0: Ball Alex Genao steals 2nd base 2-0: Ground out 6-3 (Groundball, 6, EV 85.0 MPH)
|
Bottom of the 5th over - 0 runs, 1 hit, 0 errors, 1 left on base; Idaho Falls 7 - Hudson Valley 0 |
TOP OF THE 6TH |
Idaho Falls Chukars batting - Pitching for Hudson Valley Renegades : LHP Toshiaki Wada
|
Batting: RHB Carlos Almada
|
0-0: Ball 1-0: Ball 2-0: Called Strike 2-1: Swinging Strike 2-2: Foul Ball, location: 2F 2-2: Strikes out swinging
|
Batting: RHB Chance Argy
|
0-0: Swinging Strike 0-1: Ball 1-1: Ground out 6-3 (Groundball, 6, EV 93.1 MPH)
|
Batting: RHB Ian Hornsby
|
0-0: Ball 1-0: Called Strike 1-1: Ball 2-1: Called Strike 2-2: Strikes out swinging
|
Top of the 6th over - 0 runs, 0 hits, 0 errors, 0 left on base; Idaho Falls 7 - Hudson Valley 0 |
BOTTOM OF THE 6TH |
Hudson Valley Renegades batting - Pitching for Idaho Falls Chukars : RHP Bryan Kiefer
|
Batting: RHB Jon Gonzales
|
0-0: Ball 1-0: Foul Ball, location: 2F 1-1: Foul Ball, location: 2F 1-2: Foul Ball, location: 2F 1-2: Ball 2-2: Ball 3-2: DOUBLE (Flyball, 89D, EV 110.6 MPH)
|
Batting: LHB Jonathan Spino
|
0-0: Called Strike 0-1: Ball 1-1: Ball 2-1: Foul Ball, location: 2F 2-2: Ball 3-2: Strikes out swinging
|
Batting: RHB Alex Koral
|
0-0: Foul Ball, location: 2F 0-1: Foul Ball, location: 2F 0-2: Ball 1-2: Ball 2-2: Ground out 6-3 (Groundball, 6, EV 99.4 MPH)
|
Batting: LHB Helmut Steggall
|
0-0: Ball 1-0: Ball 2-0: Called Strike 2-1: Called Strike 2-2: Ball 3-2: Strikes out swinging
|
Bottom of the 6th over - 0 runs, 1 hit, 0 errors, 1 left on base; Idaho Falls 7 - Hudson Valley 0 |
TOP OF THE 7TH |
Idaho Falls Chukars batting - Pitching for Hudson Valley Renegades : LHP Toshiaki Wada
|
Pinch Hitting: RHB Trevor Kingston
|
0-0: Called Strike 0-1: Ball 1-1: Foul Ball, location: 2F 1-2: Strikes out looking
|
Batting: RHB Jimmy Mayville
|
0-0: Ball 1-0: Ball 2-0: Ball 3-0: Base on Balls
|
Pitching: RHP Virgil Laverick
|
|
Pinch Hitting: LHB Shohei Nishi
|
0-0: Foul Ball, location: 2F 0-1: Fly out, F6 (Line Drive, 6M, EV 70.6 MPH)
|
Pinch Hitting: RHB Noah Pena
|
0-0: Ball 1-0: Called Strike 1-1: Swinging Strike 1-2: Ball 2-2: Foul Ball, location: 2F 2-2: Strikes out swinging, 2-3 out at first.
|
Top of the 7th over - 0 runs, 0 hits, 0 errors, 1 left on base; Idaho Falls 7 - Hudson Valley 0 |
BOTTOM OF THE 7TH |
Hudson Valley Renegades batting - Pitching for Idaho Falls Chukars : RHP Bryan Kiefer
|
Pitching: RHP Jim Haggart
|
|
Now at 1B: Noah Pena
|
|
Now in LF: Shohei Nishi
|
|
Now in CF: Trevor Kingston
|
|
Batting: LHB Jimmy Detrie
|
0-0: Foul Ball, location: 2F 0-1: Foul Ball, location: 2F 0-2: Ball 1-2: Strikes out swinging
|
Batting: RHB Evan Chalarian
|
0-0: Ball 1-0: Ground out 5-3 (Groundball, 56S, EV 78.8 MPH)
|
Batting: RHB Jesus Carrillo
|
0-0: Called Strike 0-1: Ball 1-1: Ball 2-1: Ball 3-1: Foul Ball, location: 2F 3-2: Foul Ball, location: 2F 3-2: Base on Balls
|
Batting: LHB Alex Genao
|
0-0: Called Strike 0-1: Swinging Strike 0-2: Ball 1-2: Ball 2-2: Strikes out looking
|
Bottom of the 7th over - 0 runs, 0 hits, 0 errors, 1 left on base; Idaho Falls 7 - Hudson Valley 0 |
TOP OF THE 8TH |
Idaho Falls Chukars batting - Pitching for Hudson Valley Renegades : RHP Virgil Laverick
|
Batting: RHB Jonas Fernandez
|
0-0: Ball 1-0: Ball 2-0: Ball 3-0: Called Strike 3-1: Ground out 6-3 (Groundball, 6, EV 101.9 MPH)
|
Batting: RHB Mike Bearden
|
0-0: Ball 1-0: Ball 2-0: Ball 3-0: Called Strike 3-1: Foul Ball, location: 2F 3-2: Fly out, F8 (Flyball, 8RD, EV 96.2 MPH)
|
Pinch Hitting: RHB Rafael Tapia
|
0-0: Fly out, F4 (Line Drive, 4, EV 64.4 MPH)
|
Top of the 8th over - 0 runs, 0 hits, 0 errors, 0 left on base; Idaho Falls 7 - Hudson Valley 0 |
BOTTOM OF THE 8TH |
Hudson Valley Renegades batting - Pitching for Idaho Falls Chukars : RHP Jim Haggart
|
Now at 2B: Rafael Tapia
|
|
Batting: SHB Josif Popovski
|
0-0: Ball 1-0: Ball 2-0: Foul Ball, location: 2F 2-1: Swinging Strike 2-2: Strikes out swinging
|
Batting: RHB Jon Gonzales
|
0-0: Ball 1-0: Called Strike 1-1: Foul Ball, location: 2F 1-2: Ball 2-2: Ball 3-2: Base on Balls
|
Batting: LHB Jonathan Spino
|
0-0: Swinging Strike 0-1: Called Strike 0-2: Strikes out swinging
|
Batting: RHB Alex Koral
|
0-0: Ball 1-0: Swinging Strike 1-1: Foul Ball, location: 2F 1-2: Foul Ball, location: 2F 1-2: Ball 2-2: Strikes out swinging
|
Bottom of the 8th over - 0 runs, 0 hits, 0 errors, 1 left on base; Idaho Falls 7 - Hudson Valley 0 |
TOP OF THE 9TH |
Idaho Falls Chukars batting - Pitching for Hudson Valley Renegades : RHP Virgil Laverick
|
Pitching: LHP Matt Bayer
|
|
Batting: RHB Chance Argy
|
0-0: Ball 1-0: Foul Ball, location: 2F 1-1: Fly out, F8 (Flyball, 8LD, EV 108.1 MPH)
|
Batting: RHB Ian Hornsby
|
0-0: Ball 1-0: Foul Ball, location: 2F 1-1: Foul Ball, location: 2F 1-2: Ball 2-2: Ground out 1-3 (Groundball, P, EV 66.9 MPH)
|
Batting: RHB Trevor Kingston
|
0-0: Called Strike 0-1: Ball 1-1: Swinging Strike 1-2: Ball 2-2: Ground out 4-3 (Groundball, 13, EV 91.2 MPH)
|
Top of the 9th over - 0 runs, 0 hits, 0 errors, 0 left on base; Idaho Falls 7 - Hudson Valley 0 |
BOTTOM OF THE 9TH |
Hudson Valley Renegades batting - Pitching for Idaho Falls Chukars : RHP Jim Haggart
|
Batting: LHB Helmut Steggall
|
0-0: Ball 1-0: Ball 2-0: Called Strike 2-1: Ball 3-1: Foul Ball, location: 2F 3-2: Foul Ball, location: 2F 3-2: Strikes out looking
|
Batting: LHB Jimmy Detrie
|
0-0: Fly out, F8 (Line Drive, 8RM, EV 95.0 MPH)
|
Batting: RHB Evan Chalarian
|
0-0: Ball 1-0: Called Strike 1-1: Foul Ball, location: 2F 1-2: Strikes out looking
|
Bottom of the 9th over - 0 runs, 0 hits, 0 errors, 0 left on base; Idaho Falls 7 - Hudson Valley 0 |
|